 Dungeon Crawl Stone Soup version 0.25-a0-713-g4845790874 (webtiles) character file.

Game seed: 14321942971492093370, levelgen mode: deterministic

9125 Amnesiac the Thaumaturge (level 11, -3/69 HPs)
             Began as a Deep Elf Wizard on Apr 6, 2020.
             Was an Elder of Vehumet.
             Slain by a two-headed ogre
             ... wielding a +0 giant club
              (9 damage)
             ... on level 10 of the Dungeon.
             The game lasted 00:39:15 (14298 turns).

Amnesiac the Thaumaturge (Deep Elf Wizard)         Turns: 14298, Time: 00:39:16

Health: -3/69      AC: 13    Str:  3 (4)  XL:     11   Next: 18%
Magic:  12/28      EV:  9    Int: 28 (30) God:    Vehumet [****..]
Gold:   618        SH:  0    Dex: 10 (13) Spells: 21/39 levels left

rFire    . . .     SeeInvis +   b - +3 fustibalus of World Downfall {freeze, Int+3}
rCold    . . .     Gourm    .   (no shield)
rNeg     . . .     Faith    .   E - +0 swamp dragon scales
rPois    +         Spirit   .   (no helmet)
rElec    .         Reflect  .   s - +2 cloak
rCorr    .         Harm     .   (no gloves)
MR       +....     Rnd*Tele +   (no boots)
Stlth    +.........             (no amulet)
HPRegen  0.21/turn              o - +3 ring of protection
MPRegen  0.21/turn              n - ring of teleportation (curse)

@: very slightly contaminated, lightly drained
A: see invisible, low mp 1, sense surroundings 1, robust 1
a: Renounce Religion


You were on level 10 of the Dungeon.
You worshipped Vehumet.
Vehumet was greatly pleased with you.
You were not hungry.

You visited 1 branch of the dungeon, and saw 10 of its levels.

You collected 618 gold pieces.

Inventory:

Hand Weapons
 a - a +1 scimitar
 b - the +3 fustibalus of World Downfall (weapon) {freeze, Int+3}
   (You found it on level 8 of the Dungeon)

   It causes projectiles fired from it to freeze those they strike, causing
   extra injury to most foes and up to half again as much damage against
   particularly susceptible opponents.
   They can also slow down cold-blooded creatures.
   It affects your intelligence (+3).
Missiles
 g - 95 sling bullets (quivered)
 i - 206 stones
Armour
 s - a +2 cloak (worn)
 E - +0 swamp dragon scales (worn)
 K - a +0 pair of gloves
Jewellery
 k - a +2 ring of dexterity {unknown}
 n - a cursed ring of teleportation (right hand)
 o - a +3 ring of protection (left hand)
 A - an uncursed ring of protection from fire
 C - an uncursed ring of magical power
Wands
 c - a wand of disintegration (18)
 f - a wand of polymorph (13)
 j - a wand of random effects (11)
 x - a wand of scattershot (7)
 F - a wand of enslavement (8)
 L - a wand of clouds (5)
 M - a wand of flame (5)
Scrolls
 e - 2 scrolls of amnesia {!r}
 h - 3 scrolls of identify {!r}
 y - 2 scrolls of teleportation {!r}
 B - 3 scrolls of magic mapping {!r}
 D - a scroll of blinking {!r}
 I - 2 scrolls of enchant armour {!r}
Potions
 m - a potion of brilliance {!q}
 p - a potion of lignification {!q, unknown}
 q - 4 potions of flight {!q}
 r - a potion of stabbing {!q}
 t - 4 potions of ambrosia {!q}
 u - 3 potions of curing {!q}
 v - 2 potions of degeneration {!q}
 z - a potion of might {!q}
 H - a potion of haste {!q}
 J - a potion of invisibility {!q}
Comestibles
 d - 16 rations


   Skills:
 - Level 5.0(4.5) Fighting
 - Level 9.0(8.5) Dodging
 - Level 2.4(1.9) Stealth
 - Level 14.5(13.9) Spellcasting
 - Level 1.1(0.6) Conjurations
 - Level 1.1(0.6) Summonings
 - Level 1.1(0.6) Translocations
 * Level 10.4(9.9) Ice Magic


You had 21 spell levels left.
You knew the following spells:

 Your Spells              Type           Power        Failure   Level  Hunger
a - Shock                 Conj/Air       ###.         5%          1    None
b - Call Imp              Summ           ###.....     24%         2    None
c - Stone Arrow           Conj/Erth      ###...       16%         3    None
d - Ice Form              Ice/Tmut       #####...     28%         4    None
e - Mephitic Cloud        Conj/Pois/Air  ###.....     16%         3    None
s - Conjure Flame         Conj/Fire      ###.....     16%         3    None
v - Blink                 Tloc           N/A          24%         2    None

Your spell library contained the following spells:

 Spells                   Type           Power        Failure   Level  Hunger
 Iskenderun's Battlesphe  Conj/Chrm      ###.....     75%         5    #......
 Magic Dart               Conj           ###.         4%          1    None
 Apportation              Tloc           ###...       16%         1    None
 Summon Small Mammal      Summ           ###.         16%         1    None
 Animate Skeleton         Necr           N/A          22%         1    None
 Beastly Appendage        Tmut           ###...       22%         1    None
 Corona                   Hex            ###....      22%         1    None
 Slow                     Hex            ###.....     32%         2    None
 Sticks to Snakes         Tmut           ###.....     32%         2    None
 Spider Form              Tmut/Pois      ###.......   54%         3    None
 Blade Hands              Tmut           ###.......   99%         5    #......


Dungeon Overview and Level Annotations

Branches:
Dungeon (10/15)            Temple (0/1) D:6            Lair (0/6) D:10
    Orc: D:9-12

Altars:
Cheibriados
Hepliaklqana
Kikubaaqudgha
Nemelex Xobeh
Ru
Sif Muna
Vehumet
Xom
Zin
The Shining One

Shops:
D:7 [   D:10 :

Annotations:
D:10 1 runed translucent door


Innate Abilities, Weirdness & Mutations

You have supernaturally acute eyesight. (SInv)
Your magical capacity is low. (-10% MP)
You passively map a small area around you.
You are robust. (+10% HP)


Message History

Casting: Shock (safe; 5% risk of failure)
Confirm with . or Enter, or press ? or * to list all spells.
Aiming: Shock (safe; 5% risk of failure)
Press: ? - help, Shift-Dir - straight line, f/p - two-headed ogre
Aim: a two-headed ogre, wielding a +0 giant club and a +0 dire flail (heavily wounded)
The zap hits the two-headed ogre but does no damage.
The two-headed ogre is heavily wounded.
The zap hits the two-headed ogre.
The two-headed ogre is heavily wounded.
The two-headed ogre completely misses you.
The two-headed ogre hits you with a +0 dire flail!
Casting: Shock (safe; 5% risk of failure)
Confirm with . or Enter, or press ? or * to list all spells.
Aiming: Shock (safe; 5% risk of failure)
Press: ? - help, Shift-Dir - straight line, f/p - two-headed ogre
Aim: a two-headed ogre, wielding a +0 giant club and a +0 dire flail (heavily wounded)
The zap hits the two-headed ogre.
The two-headed ogre is heavily wounded.
The zap hits the scorpion.
The scorpion is heavily wounded.
The zap hits the scorpion!
The scorpion is almost dead.
The zap hits the two-headed ogre.
The two-headed ogre is severely wounded.
The two-headed ogre closely misses you. The two-headed ogre barely misses you.
Casting: Shock (safe; 5% risk of failure)
Confirm with . or Enter, or press ? or * to list all spells.
Aiming: Shock (safe; 5% risk of failure)
Press: ? - help, Shift-Dir - straight line, f/p - two-headed ogre
Aim: a two-headed ogre, wielding a +0 giant club and a +0 dire flail (severely wounded)
The zap hits the two-headed ogre.
The two-headed ogre is severely wounded.
The zap misses the two-headed ogre.
The scorpion stings you but does no damage.
The two-headed ogre hits you with a +0 giant club!!
The two-headed ogre hits you with a +0 dire flail!
* * * LOW HITPOINT WARNING * * *
Casting: Shock (safe; 5% risk of failure)
Confirm with . or Enter, or press ? or * to list all spells.
Aiming: Shock (safe; 5% risk of failure)
Press: ? - help, Shift-Dir - straight line, f/p - two-headed ogre
Aim: a two-headed ogre, wielding a +0 giant club and a +0 dire flail (severely wounded)
The zap hits the two-headed ogre.
The two-headed ogre is severely wounded.
The zap hits the two-headed ogre.
The two-headed ogre is almost dead.
The scorpion misses you.
The two-headed ogre hits you with a +0 giant club!!
* * * LOW HITPOINT WARNING * * *
The two-headed ogre hits you but does no damage.
Unknown command.
Casting: Shock (safe; 5% risk of failure)
Confirm with . or Enter, or press ? or * to list all spells.
Aiming: Shock (safe; 5% risk of failure)
Press: ? - help, Shift-Dir - straight line, f/p - two-headed ogre
Aim: a two-headed ogre, wielding a +0 giant club and a +0 dire flail (almost dead)
The zap hits the two-headed ogre.
The two-headed ogre is almost dead.
The zap hits the two-headed ogre.
The two-headed ogre is almost dead.
The scorpion stings you but does no damage.
The two-headed ogre closely misses you.
The two-headed ogre hits you with a +0 dire flail!
You die...

. ##.'# ##. #.
##....#####.. #.,
##8....#.).#.#
*####.......!)$#.#
%.......#####.# ,
#....8##...##.
#####....##.....##
,##.s.#†.###.......#
,##.@O..###.s.......#
,#.......#..#.......#
,#.....)...##......##
,#.......###......###
##.....###...#####.#
##...###)..##...... *
.#####.#÷.#####....
(........#####.)..##
,
......)..†..†..#....


You could see a two-headed ogre and a scorpion.

Vanquished Creatures
  Harold (D:10)
  2 unseen horrors (D:10)
  Pikel (D:3)
  A manticore (D:7)
  Maurice (D:9)
  Maggie (D:7)
  A komodo dragon (D:10)
  A queen bee (D:10)
  2 hippogriffs (D:8)
  Sigmund (D:3)
  2 wyverns (D:10)
  Grum (D:9)
  A water moccasin (D:10)
  A slave (D:4)
  3 black bears
  An orc warrior (D:10)
  A phantom (D:5)
  3 ice beasts
  2 sky beasts
  4 wolves (D:9)
  3 ogres
  A centaur (D:6)
  Blork the orc (D:6)
  2 big kobolds
  A bullfrog (D:10)
  A wyvern zombie (D:6)
  A scorpion (D:6)
  13 killer bees
  6 wights
  3 crimson imps
  A bullfrog zombie (D:5)
  5 hounds
  3 jellies (D:10)
  9 orc wizards
  4 bullfrog skeletons
  3 orc priests
  Crazy Yiuf (D:2)
  2 iguanas
  9 worker ants
  A statue (D:4)
  A hound skeleton (D:9)
  7 adders
  3 shadow imps
  3 oozes
  An adder zombie (D:7)
  6 worms
  4 dart slugs
  9 leopard geckos
  34 orcs
  7 giant cockroaches
  14 goblins
  10 hobgoblins
  15 jackals
  7 quokkas
  2 ball pythons (D:1)
  A bat (D:1)
  8 frilled lizards
  11 kobolds
  A leopard gecko skeleton (D:6)
  12 rats
257 creatures vanquished.

Vanquished Creatures (collateral kills)
  Eustachio (D:4)
  A soldier ant (D:10)
  3 slaves (D:3)
  2 ogres
  A centaur (D:4)
  A killer bee (D:10)
  An orc priest (D:2)
  Ijyb (D:3)
  Natasha (thrice) (D:3)
  A worker ant (D:3)
  An orc wizard (D:4)
  An adder (D:2)
  An adder skeleton (D:4)
  2 worms (D:2)
  A leopard gecko (D:4)
  2 orcs
  A giant cockroach (D:2)
  A goblin (D:2)
  A hobgoblin (D:3)
  4 jackals
  A quokka (D:4)
  A frilled lizard (D:2)
32 creatures vanquished.

Vanquished Creatures (others)
  An orc wizard (D:6)
  A worker ant (D:10)
  A giant cockroach (D:4)
  4 plants (D:10)
7 creatures vanquished.

Grand Total: 296 creatures vanquished

Notes
Turn   | Place    | Note
-------+----------+-------------------------------------------
     0 | D:1      | Amnesiac the Deep Elf Wizard began the quest for the Orb.
     0 | D:1      | Reached XP level 1. HP: 10/10 MP: 7/7
   368 | D:1      | Reached XP level 2. HP: 16/16 MP: 5/9
   372 | D:1      | Learned a level 2 spell: Blink
   375 | D:1      | Learned a level 2 spell: Call Imp
   375 | D:1      | Reached skill level 5 in Spellcasting
   587 | D:2      | Found a snail-covered altar of Cheibriados.
   646 | D:2      | You fall into a shaft and drop 1 floor!
   648 | D:3      | Reached skill level 1 in Fighting
   706 | D:3      | Noticed Sigmund
   844 | D:3      | Reached XP level 3. HP: 20/20 MP: 9/12
   849 | D:3      | Learned a level 3 spell: Conjure Flame
   853 | D:3      | Learned a level 3 spell: Mephitic Cloud
   931 | D:3      | Noticed Natasha
   951 | D:3      | Killed Natasha
  1036 | D:3      | Noticed Ijyb
  1069 | D:3      | Killed Ijyb
  1069 | D:3      | Reached skill level 6 in Spellcasting
  1072 | D:3      | Noticed Natasha
  1087 | D:3      | Killed Natasha
  1087 | D:3      | Reached XP level 4. HP: 15/25 MP: 4/14
  1169 | D:3      | Noticed Natasha
  1177 | D:3      | Killed Natasha
  1371 | D:4      | Noticed Pikel
  1371 | D:4      | Noticed a slave
  1371 | D:4      | Noticed a slave
  1371 | D:4      | Noticed a slave
  1699 | D:3      | Reached skill level 7 in Spellcasting
  1699 | D:3      | Reached XP level 5. HP: 7/30 MP: 2/16
  1963 | D:3      | Killed a slave
  2087 | D:3      | Killed a slave
  2291 | D:4      | Noticed a centaur
  2312 | D:4      | Noticed a slave
  2508 | D:4      | Killed a centaur
  2508 | D:4      | Reached XP level 6. HP: 28/36 MP: 11/18
  2590 | D:3      | HP: 1/36 [Pikel/+0 whip of flaming (3)]
  2643 | D:3      | Killed Pikel
  2643 | D:3      | Reached skill level 9 in Spellcasting
  2643 | D:3      | Reached XP level 7. HP: 9/41 MP: 2/22
  3244 | D:4      | Noticed Eustachio
  3270 | D:4      | Killed Eustachio
  3270 | D:4      | Reached skill level 10 in Spellcasting
  3502 | D:4      | Found a radiant altar of Vehumet.
  3508 | D:4      | Became a worshipper of Vehumet
  3952 | D:2      | Found a sparkling altar of Nemelex Xobeh.
  4257 | D:1      | Reached * piety under Vehumet
  4257 | D:1      | Offered knowledge of Shock by Vehumet.
  5439 | D:2      | Reached XP level 8. HP: 48/48 MP: 23/24
  5442 | D:2      | Learned a level 1 spell: Shock
  5485 | D:2      | Found a runed translucent door.
  5486 | D:2      | Noticed Crazy Yiuf
  5748 | D:2      | Killed Crazy Yiuf
  6300 | D:3      | Offered knowledge of Searing Ray by Vehumet.
  6330 | D:3      | Reached ** piety under Vehumet
  6430 | D:3      | Killed Sigmund
  6430 | D:3      | Reached skill level 11 in Spellcasting
  6773 | D:4      | You fall into a shaft and drop 3 floors!
  6817 | D:7      | Noticed Maggie
  7345 | D:5      | Entered Level 5 of the Dungeon
  7375 | D:5      | Offered knowledge of Stone Arrow by Vehumet.
  7439 | D:5      | Learned a level 3 spell: Stone Arrow
  7483 | D:5      | Reached skill level 12 in Spellcasting
  7488 | D:5      | Reached skill level 5 in Fighting
  7542 | D:5      | Found a glowing golden altar of the Shining One.
  7665 | D:4      | Found a shimmering altar of Xom.
  8460 | D:6      | Found a staircase to the Ecumenical Temple.
  8967 | D:6      | Reached XP level 9. HP: 54/54 MP: 27/27
  9016 | D:6      | Noticed Blork the orc
  9027 | D:6      | Killed Blork the orc
  9032 | D:6      | Found a shimmering blue altar of Sif Muna.
  9086 | D:6      | Found a hazy altar of Hepliaklqana.
  9086 | D:6      | Found an ancient bone altar of Kikubaaqudgha.
  9153 | D:6      | Found a sacrificial altar of Ru.
  9219 | D:7      | Reached *** piety under Vehumet
  9295 | D:7      | Reached skill level 13 in Spellcasting
  9712 | D:7      | Offered knowledge of Hailstorm by Vehumet.
  9718 | D:7      | Learned a level 4 spell: Ice Form
  9738 | D:7      | Reached skill level 5 in Dodging
  9745 | D:7      | Found Lowk's Antique Armour Boutique.
  9769 | D:7      | Killed Maggie
  9836 | D:7      | Noticed a manticore
  9845 | D:7      | Killed a manticore
  9845 | D:7      | Reached skill level 14 in Spellcasting
  9899 | D:7      | Found a glowing silver altar of Zin.
 10462 | D:8      | Got an encrusted fustibalus
 10680 | D:8      | Identified the +3 fustibalus of World Downfall {freeze,
                  | Int+3} (You found it on level 8 of the Dungeon)
 11112 | D:8      | Reached skill level 1 in Ice Magic
 11369 | D:9      | Reached XP level 10. HP: 59/59 MP: 27/30
 11438 | D:9      | Reached **** piety under Vehumet
 11746 | D:9      | Noticed Maurice
 11770 | D:9      | Killed Maurice
 12152 | D:9      | Noticed Grum
 12168 | D:9      | Killed Grum
 12256 | D:10     | Entered Level 10 of the Dungeon
 12274 | D:10     | Reached skill level 5 in Ice Magic
 12295 | D:9      | Offered knowledge of Iskenderun's Battlesphere by Vehumet.
 12904 | D:10     | Gained mutation: You passively map a small area around you.
                  | [potion of mutation]
 12904 | D:10     | Gained mutation: You have supernaturally acute eyesight.
                  | (SInv) [potion of mutation]
 12904 | D:10     | Gained mutation: Your magical capacity is low. (-10% MP)
                  | [potion of mutation]
 12904 | D:10     | Gained mutation: You are robust. (+10% HP) [potion of
                  | mutation]
 12904 | D:10     | Noticed an unseen horror
 12907 | D:10     | Killed an unseen horror
 13033 | D:10     | Found Koriwir's Book Emporium.
 13108 | D:10     | Noticed an unseen horror
 13115 | D:10     | Found a runed translucent door.
 13136 | D:10     | Killed an unseen horror
 13323 | D:10     | Reached XP level 11. HP: 69/69 MP: 11/28
 13540 | D:10     | Found a runed translucent door.
 13544 | D:10     | Noticed Harold
 13580 | D:10     | Killed Harold
 13580 | D:10     | Reached skill level 10 in Ice Magic
 13613 | D:10     | Noticed a two-headed ogre
 14144 | D:10     | Found a staircase to the Lair.
 14298 | D:10     | Slain by a two-headed ogre

Levels and vault maps discovered:
D:1:      saegor_arrival_simple_b, layout_basic, minmay_box_of_dots
D:2:      cheibrodos_old_hovel, layout_basic, lemuel_doored_altar, st_stairs_1,
          kennysheep_slug_shrine, uniq_crazy_yiuf_cottage
D:3:      minmay_bubble_buster, layout_basic, chequers_big_river, uniq_sigmund,
          uniq_natasha, uniq_ijyb
D:4:      layout_rooms, xom_teletrap_fun, vehumet_statue, uniq_pikel,
          uniq_eustachio
D:5:      layout_basic, nicolae_tso_carved_into_rock, first_ration,
          minmay_misc_feat_hallway
D:6:      layout_cave_pools, kennysheep_mini_moat, tgw_sif,
          gammafunk_temple_overflow_elements, minmay_temple_entry_sparse_star,
          kennysheep_generic_room_15
D:7:      layout_cave_pods, zin_statuary, serial_shops, shop, uniq_maggie
D:8:      layout_layer_cave
D:9:      layout_basic, uniq_grum, uniq_maurice
D:10:     cheibrodos_histonic, layout_rooms, david_lair_shrubbed, serial_shops,
          shop_statue, david_nohive_1, minmay_misc_feat_rows,
          serial_park_tiny_pond, uniq_harold

Skill      XL: |  1  2  3  4  5  6  7  8  9 10 11 |
---------------+----------------------------------+-----
Spellcasting   | 5 6 7 9 10 12 14 | 14.5
Fighting       | 1 2 3 4 5 |  5.0
Dodging        | 3 8 9 |  9.0
Ice Magic      | 1 9 10 | 10.4
Stealth        | |  2.4
Conjurations   | |  1.1
Summonings     | |  1.1
Translocations | |  1.1

Action                   |  1- 3 |  4- 6 |  7- 9 | 10-12 || total
-------------------------+-------+-------+-------+-------++-------
Melee: Morningstar       |       |    21 |       |       ||    21
       Unarmed           |       |       |     9 |       ||     9
       Scimitar          |       |       |     4 |       ||     4
 Fire: Hunting sling     |    10 |    37 |    42 |       ||    89
       Fustibalus        |       |       |    14 |    37 ||    51
Throw: Stone             |       |     1 |       |       ||     1
 Cast: Magic Dart        |    55 |    34 |   197 |       ||   286
       Call Imp          |     8 |    17 |    26 |       ||    51
       Mephitic Cloud    |       |    11 |    15 |    11 ||    37
       Blink             |       |     3 |     3 |     5 ||    11
       Shock             |       |       |   286 |   208 ||   494
       Stone Arrow       |       |       |    25 |    27 ||    52
       Conjure Flame     |       |       |     2 |       ||     2
Evoke: Wand              |       |       |       |     1 ||     1
  Use: Potion            |       |     2 |       |     9 ||    11
       Scroll            |       |       |    16 |     2 ||    18
 Stab: Confused          |       |     2 |       |       ||     2
       Sleeping          |       |       |     1 |       ||     1
  Eat: Chunk             |       |     5 |    26 |     7 ||    38
       Ration            |       |       |       |     1 ||     1
Armor: Robe              |     2 |     1 |    56 |       ||    59
       Swamp dragon scal |       |       |     9 |   116 ||   125
Dodge: Dodged            |     7 |    43 |   179 |   124 ||   353
       Rpst.: Scimitar   |       |       |    15 |       ||    15

Table legend:
 A = Non-vault XP
 B = Vault XP
 C = Vault XP percentage of total XP
 D = Non-vault monster count
 E = Vault monster count
 F = Vault count percentage of total count
                 A         B        C        D         E       F
            +---------+---------+-------+---------+---------+-------
      Total |    6849 |    6187 |  47.5 |     219 |      68 |  23.7
            +---------+---------+-------+---------+---------+-------
        D:1 |      68 |       8 |  10.5 |      38 |       5 |  11.6
        D:2 |     238 |      60 |  20.1 |      30 |       5 |  14.3
        D:3 |     141 |     812 |  85.2 |      15 |      18 |  54.5
        D:4 |     266 |     149 |  35.9 |      16 |       2 |  11.1
        D:5 |     474 |       0 |   0.0 |      15 |       0 |   0.0
        D:6 |     664 |     136 |  17.0 |      32 |       2 |   5.9
        D:7 |    1118 |     395 |  26.1 |      21 |       1 |   4.5
        D:8 |     859 |       0 |   0.0 |      12 |       0 |   0.0
        D:9 |     871 |    1253 |  59.0 |      13 |       8 |  38.1
       D:10 |    2150 |    3374 |  61.1 |      27 |      27 |  50.0
            +---------+---------+-------+---------+---------+-------
